 Dungeon Crawl Stone Soup version 0.27-a0-1273-gec92ba881d (webtiles) character file.

Game seed: 7890545253572465988

56 Demosthentine the Poker (level 3, -7/28 HPs)
             Began as a Merfolk Gladiator on June 11, 2021.
             Mangled by Sigmund
             ... wielding a +0 scythe of flaming
              (11 damage)
             ... on level 2 of the Dungeon.
             The game lasted 00:01:45 (1189 turns).

Demosthentine the Poker (Merfolk Gladiator)         Turns: 1189, Time: 00:01:45

Health: -7/28      AC:  5    Str: 15    XL:     3   Next: 97%
Magic:  3/3        EV: 13    Int:  7    God:
Gold:   61         SH:  0    Dex: 15    Spells: 2/2 levels left

rFire    . . .     SeeInvis .   a - +0 trident
rCold    . . .     Faith    .   (no shield)
rNeg     . . .     Spirit   .   b - +0 leather armour
rPois    .         Reflect  .   h - +2 hat
rElec    .         Harm     .   (no cloak)
rCorr    .         Rampage  .   (no gloves)
Will     .....                  (no boots)
Stlth    +.........             (no amulet)
HPRegen  0.09/turn              (no ring)
MPRegen  0.08/turn              (no ring)

@: no status effects
A: (nimble swimmer 2), mertail
a: no special abilities


You were on level 2 of the Dungeon.
You visited 1 branch of the dungeon, and saw 2 of its levels.

You collected 61 gold pieces.

Inventory:

Hand Weapons
 a - a +0 trident (weapon)
Missiles
 d - 3 throwing nets (quivered)
Armour
 b - a +0 leather armour (worn)
 h - a +2 hat (worn)
 k - a +0 helmet
Scrolls
 e - a scroll of identify
Potions
 c - a potion of mutation


   Skills:
 + Level 2.9 Fighting
 + Level 5.2 Polearms
 - Level 2.0 Throwing
 + Level 1.0 Armour
 + Level 4.7 Dodging


You had 2 spell levels left.
You didn't know any spells.
Your spell library contained the following spells:

 Spells                   Type           Power      Damage    Failure   Level
 Confusing Touch          Hex            0%         N/A       86%         3
 Gell's Gravitas          Tloc           0%         N/A       86%         3
 Petrify                  Tmut/Erth      0%         N/A       99%         4
 Metabolic Englaciation   Hex/Ice        0%         N/A       100%        5
 Yara's Violent Unravell  Hex/Tmut       0%         3d3       100%        5


Dungeon Overview and Level Annotations

Branches:
Dungeon (2/15)

Altars:
Gozag

Annotations:
D:2 Sigmund


Innate Abilities, Weirdness & Mutations

((You are quick and stealthy near water. (Stealth+, EV+, Speed+++)))
Your lower body shifts to a powerful aquatic tail in water.


Message History

Sigmund burns you.
You are too injured to fight recklessly!
Unknown command.
The quokka barely misses you.
You see here a +0 chain mail.
The quokka misses you.
Sigmund casts a spell.
Sigmund flickers and vanishes!
Deactivating autopickup; reactivate with Ctrl-A.
The quokka closely misses you.
Found a mace.
The quokka barely misses you.
The quokka twitches its whiskers.
Found a glowing amethyst potion.
The quokka bites you.
You are confused.
You're too confused to move!
The quokka bites you. The quokka closely misses you. The quokka bites you.
* * * LOW HITPOINT WARNING * * *
You're too confused to move!
The quokka twitches its whiskers.
The quokka barely misses you.
You hit the quokka.
You kill the quokka!
It was a potion of curing.
You feel better. Something hits you but does no damage.
You hear some strange, mumbled words.
You are confused.
Something tries to affect you, but you resist.
Something tries to affect you, but you resist.
A puff of flame appears from out of thin air!
The puff of flame hits you!
* * * LOW HITPOINT WARNING * * *
You feel less confused. Something hits you but does no damage.
There is a stone staircase leading up here.
You can't go down here!
Something hits you!
You die...

#....#(##.#........
#..#..#..#.........
#....#.##.#........
#..................
#......#####.).....
#####..## ###)......
#.....#####.........
#...........รท.......
#..@........._......
#....{..........####
#...............#
#.#####+######### #+


There were no monsters in sight!

Vanquished Creatures
  2 adders (D:2)
  A dart slug (D:1)
  2 bats (D:1)
  An endoplasm (D:1)
  A giant cockroach (D:1)
  4 goblins
  3 hobgoblins (D:1)
  6 jackals (D:1)
  4 kobolds
  2 quokkas
  2 ball pythons (D:1)
  2 frilled lizards
  3 rats
33 creatures vanquished.

Vanquished Creatures (others)
  3 plants (D:1)
3 creatures vanquished.

Grand Total: 36 creatures vanquished

Notes
Turn   | Place    | Note
-------+----------+-------------------------------------------
     0 | D:1      | Demosthentine the Merfolk Gladiator began the quest for the
                  | Orb.
     0 | D:1      | Reached XP level 1. HP: 16/16 MP: 1/1
   169 | D:1      | Reached XP level 2. HP: 23/23 MP: 2/2
   431 | D:1      | Reached XP level 3. HP: 28/28 MP: 3/3
   951 | D:2      | Found an opulent altar of Gozag.
   961 | D:2      | Reached skill level 5 in Polearms
  1002 | D:2      | Reached skill level 1 in Armour
  1141 | D:2      | Noticed Sigmund
  1189 | D:2      | Mangled by Sigmund

Illustrated notes

Levels and vault maps discovered:
D:1:      giann_bridges, layout_loops_ring, serial_forest,
          infiniplex_forest_clump_curved, infiniplex_forest_straight_4,
          infiniplex_forest_3_way, infiniplex_forest_clump_tiny,
          infiniplex_forest_straight_2, infiniplex_forest_lined_ring,
          infiniplex_forest_clump_long, infiniplex_forest_straight_4,
          minivault_11, minmay_distorted
D:2:      layout_basic, basic_altar, minmay_small_reverse_x, uniq_sigmund

Skill      XL: |  1  2  3 |
---------------+----------+-----
Polearms       | 5 |  5.2
Armour         | 1 |  1.0
Fighting       | |  2.9
Throwing       | |  2.0
Dodging        | |  4.7

Action                   || total
-------------------------++-------
Melee: Trident           ||    90
  Use: Scroll            ||     4
       Potion            ||     1
 Stab: Sleeping          ||     5
       Distracted        ||     1
Armor: Leather armour    ||    25
Dodge: Dodged            ||    57

Table legend: (Time is in decaauts)
 A = Elapsed time spent in this place.
 B = Non-inter-level travel time spent in this place.
 C = Inter-level travel time spent in this place.
 D = Time resting spent in this place.
 E = Time spent auto-exploring this place.
 F = Levels seen in this place.
 G = Mean time per level.
                   A        B        C        D        E       F      G
               +--------+--------+--------+--------+--------+-----+--------+
         Total |   1185 |   1162 |     23 |      0 |    905 |   2 |  592.5 |
       Dungeon |   1185 |   1162 |     23 |      0 |    905 |   2 |  592.5 |
               +--------+--------+--------+--------+--------+-----+--------+

Top non-repeatable levels by time:
     D:1: 918 daAuts
     D:2: 267 daAuts
